 Dungeon Crawl Stone Soup version 0.31-a0-154-g56bf346678 (webtiles) character file.

Game seed: 11216853213503758016

35 SigmundSlayer the Digger (level 3, -1/22 (26) HPs)
             Began as a Demigod Earth Elementalist on June 11, 2023.
             Slain by Terence
             ... wielding the +7 Throatcutter {drain, coup de grace}
              (3 damage)
             ... on level 2 of the Dungeon.
             The game lasted 00:02:33 (1131 turns).

SigmundSlayer the Digger (DgEE)                     Turns: 1131, Time: 00:02:33

HP:   -1/22 (26)    AC:  3    Str:  8 (9)  XL:     3   Next: 4%
MP:   6/9           EV: 12    Int: 19 (21) God:
Gold: 122           SH:  0    Dex: 11 (14) Spells: 2/6 levels left

rFire   . . .        (no weapon)
rCold   . . .        (no shield)
rNeg    . . .        a - +0 robe
rPois   .            (no helmet)
rElec   .            (no cloak)
rCorr   .            (no gloves)
SInv    .            d - +0 pair of boots
Will    .....        e - amulet of the acrobat
Stlth   ++           (no ring)
HPRegen 0.23/turn    (no ring)
MPRegen 0.11/turn

%: acrobat
@: mighty, heavily drained
A: high MP 1, forlorn, divine attributes
a: no special abilities


You were on level 2 of the Dungeon.
You visited 1 branch of the dungeon, and saw 2 of its levels.

You collected 122 gold pieces.

Inventory:

Armour
 a - a +0 robe (worn)
 d - a +0 pair of boots (worn)
Jewellery
 e - an amulet of the acrobat (around neck)
Scrolls
 c - 2 scrolls of identify
 i - a scroll of noise {unknown}
Potions
 b - a potion of magic


   Skills:
 - Level 1.7 Dodging
 - Level 1.7 Stealth
 + Level 2.3 Spellcasting
 + Level 0.0 Conjurations
 + Level 1.7 Transmutations
 + Level 3.1 Earth Magic


You had 2 spell levels left.
You knew the following spells:

 Your Spells              Type           Power      Damage    Failure   Level
a - Sandblast             Erth           28%        2d8       4%          1
b - Stone Arrow           Conj/Erth      16%        3d8       26%         3

Your spell library contained the following spells:

 Spells                   Type           Power      Damage    Failure   Level
 Passwall                 Tmut/Erth      9%         N/A       9%          2
 Petrify                  Tmut/Erth      11%        N/A       52%         4
 Malign Gateway           Summ/Tloc      1%         N/A       100%        7
 Summon Horrible Things   Summ           1%         N/A       100%        8


Dungeon Overview and Level Annotations

Branches:
Dungeon (2/15)

Shops:
D:1 [:

Annotations:
D:2 Terence


Innate Abilities, Weirdness & Mutations

You have an increased reservoir of magic. (+10% MP)
You shall have no god before yourself.
Your divine heritage dramatically boosts your attributes as you level up.


Message History

Key pressed, stopping travel.
(D) Dungeon
Where to? (Enter - D:2, ? - help)
There is a stone staircase leading down here.
You climb downwards.
The goblin shouts!
Found 5 stones.
There is a stone staircase leading up here.
There are monsters nearby!
The blast of sand misses the goblin.
The blast of sand hits the goblin.
You kill the goblin!
Terence misses you.
The blast of sand hits Terence!
Terence is heavily wounded.
Terence hits you with the +7 Throatcutter {drain, coup de grace}!
You feel drained.
The blast of sand hits Terence.
Terence is severely wounded.
Terence hits you with the +7 Throatcutter {drain, coup de grace}!
Ouch! That really hurt!
* * * LOW HITPOINT WARNING * * *
You feel drained. Terence closely misses you.
As you read the scroll labelled EHUHIN GULOJAGG, it crumbles to dust.
It is a scroll of identify.
f - 2 potions of curing Terence misses you.
You feel better.
Terence drinks a potion.
Terence is healed!
You feel better. Terence closely misses you.
It was a potion of degeneration.
There was something very wrong with that liquid.
You feel weakened.
You feel dopey.
You feel clumsy. Terence barely misses you.
It was a potion of might.
You feel very mighty all of a sudden.
Terence hits you with the +7 Throatcutter {drain, coup de grace}!
Ouch! That really hurt!
* * * LOW HITPOINT WARNING * * *
You feel drained.
You die...

#### ##
##...#...
#######........
#..............
#.....@@)......
#..........(...
#.....#........
#.....##...#...
..... ##.# ##
#.... .# #... #
###.


You could see Terence.

Vanquished Creatures
  A gnoll (D:1)
  A dart slug (D:1)
  3 bats (D:1)
  A giant cockroach (D:1)
  4 goblins
  3 hobgoblins (D:1)
  A quokka (D:1)
  A ball python (D:1)
  3 frilled lizards (D:1)
  3 kobolds (D:1)
  2 rats (D:1)
23 creatures vanquished.

Notes
Turn   | Place    | Note
-------+----------+-------------------------------------------
     0 | D:1      | SigmundSlayer the Demigod Earth Elementalist began the
                  | quest for the Orb.
     0 | D:1      | Reached XP level 1. HP: 14/14 MP: 5/5
    93 | D:1      | Reached skill level 1 in Transmutations
   176 | D:1      | Reached XP level 2. HP: 16/20 MP: 1/7
   231 | D:1      | Found Hawnean's Book Emporium.
   240 | D:1      | Reached skill level 3 in Earth Magic
   417 | D:1      | Found Wona's Book Boutique.
   636 | D:1      | Reached XP level 3. HP: 26/26 MP: 1/9
   706 | D:1      | Learned a level 3 spell: Stone Arrow
   882 | D:1      | Found Guetoer's Antique Armour Boutique.
  1122 | D:2      | Noticed Terence
  1126 | D:2      | HP: 1/24 [Terence/the +7 Throatcutter {drain, coup de
                  | grace} (14)]
  1131 | D:2      | Slain by Terence

Illustrated notes

Levels and vault maps discovered:
D:1:      dpeg_arrival_tiny_a, layout_loops_cross, serial_shops, shop,
          nicolae_shop_advertising_works [nicolae_subvault_shop_adworks],
          nicolae_shop_tiny_statue_garden, palyth_stone_intersect,
          minmay_gold_behind_fungi, serial_park_tiny_2, minmay_pentomino_z4
D:2:      layout_rooms, uniq_crazy_yiuf_cottage, uniq_terence, uniq_robin

Skill      XL: |  1  2 |
---------------+-------+-----
Transmutations | 1 |  1.7
Spellcasting   | 2 |  2.3
Earth Magic    | 3 |  3.1
Dodging        | |  1.7
Stealth        | |  1.7

Action                     || total
---------------------------++-------
  Melee: Unarmed           ||     7
   Cast: Sandblast         ||    37
    Use: Potion            ||     4
         Scroll            ||     1
 Armour: Robe              ||     2
  Dodge: Dodged            ||    13

Table legend: (Time is in decaauts)
 A = Elapsed time spent in this place.
 B = Non-inter-level travel time spent in this place.
 C = Inter-level travel time spent in this place.
 D = Time resting spent in this place.
 E = Time spent auto-exploring this place.
 F = Levels seen in this place.
 G = Mean time per level.
                   A        B        C        D        E       F      G
               +--------+--------+--------+--------+--------+-----+--------+
         Total |   1149 |   1092 |     57 |    191 |    713 |   2 |  574.5 |
       Dungeon |   1149 |   1092 |     57 |    191 |    713 |   2 |  574.5 |
               +--------+--------+--------+--------+--------+-----+--------+

Top non-repeatable levels by time:
     D:1: 1138 daAuts
     D:2: 10 daAuts
